 Dungeon Crawl Stone Soup version 0.29-a0-542-g075992c915 (webtiles) character file.

Game seed: 12968423783590823123

247 kyalle the Skirmisher (level 6, -1/51 HPs)
             Began as a Merfolk Fighter on June 3, 2022.
             Was an Initiate of Uskayaw.
             Slain by an adder (2 damage)
             ... on level 4 of the Dungeon.
             The game lasted 00:10:56 (3540 turns).

kyalle the Skirmisher (Merfolk Fighter)             Turns: 3540, Time: 00:10:58

Health: -1/51      AC:  6    Str: 18    XL:     6   Next: 11%
Magic:  3/6        EV: 10    Int:  7    God:    Uskayaw [......]
Gold:   124        SH:  5    Dex: 14    Spells: 5/5 levels left

rFire   . . .      SeeInvis .   a - +0 trident
rCold   . . .      Faith    .   c - +0 buckler
rNeg    . . .      Spirit   .   b - +0 scale mail
rPois   .          Reflect  .   (no helmet)
rElec   .          Harm     .   (no cloak)
rCorr   .          Rampage  .   (no gloves)
Will    +....                   (no boots)
Stlth   ..........              (no amulet)
HPRegen 0.17/turn               e - ring of willpower
MPRegen 0.10/turn               (no ring)

@: no status effects
A: (nimble swimmer 2), mertail
a: Renounce Religion


You were on level 4 of the Dungeon.
You worshipped Uskayaw.
Uskayaw was noncommittal.
You visited 1 branch of the dungeon, and saw 4 of its levels.

You collected 124 gold pieces.

Inventory:

Hand Weapons
 a - a +0 trident (weapon)
Armour
 b - a +0 scale mail (worn)
 c - a +0 buckler (worn)
Jewellery
 e - a ring of willpower (left hand)
 l - a ring of willpower
Wands
 j - a wand of charming (13)
Scrolls
 n - a scroll of identify {unknown}
Potions
 d - a potion of might
 f - a potion of flight {unknown}
 g - a potion of invisibility {unknown}
 h - 2 potions of berserk rage {unknown}
 i - a potion of curing {unknown}
 k - a potion of haste {unknown}
 m - a potion of mutation {unknown}


   Skills:
 * Level 5.0 Fighting
 * Level 5.0 Polearms
 - Level 2.1 Armour
 + Level 2.9 Dodging
 + Level 3.8 Shields


You had 5 spell levels left.
You didn't know any spells.
Your spell library contained the following spells:

 Spells                   Type           Power      Damage    Failure   Level
 Necrotize                Necr           0%         1d4       89%         1
 Vampiric Draining        Necr           0%         2d6       99%         3
 Agony                    Necr           0%         N/A       100%        5


Dungeon Overview and Level Annotations

Branches:
Dungeon (4/15)
 Temple: D:4-7

Altars:
Ashenzari
Cheibriados
Dithmenos
Fedhas
Ru
Sif Muna
Uskayaw
Zin

Shops:
D:1 (


Innate Abilities, Weirdness & Mutations

((You are very nimble when in or above water. (Stealth+, EV+, Speed+++)))
Your lower body shifts to a powerful aquatic tail in water.


Message History

The white imp is heavily wounded.
You feel sick. The white imp gestures at you. The puff of frost hits you!
The adder barely misses you.
You miss the adder.
You feel sick. The adder completely misses you. The white imp hits you.
The white imp freezes you. The adder bites you but does no damage.
The white imp closely misses you.
You closely miss the white imp.
The white imp is heavily wounded.
You feel sick. The adder bites you but does no damage.
You block the white imp's attack.
You barely miss the white imp.
The white imp is heavily wounded.
You feel sick. The adder completely misses you. The white imp gestures at you.
The puff of frost hits you!
* * * LOW HITPOINT WARNING * * *
The adder barely misses you.
You stomp with the beat, sending a shockwave through the revellers around you!
The white imp is severely wounded.
The adder is heavily wounded.
You can no longer stomp with the beat.
You feel sick.
You are no longer poisoned.
The adder bites you but does no damage. The white imp gestures at you.
The puff of frost misses you.
You closely miss the white imp.
The white imp is severely wounded.
You block the adder's attack. The white imp gestures at you.
The puff of frost misses you.
You closely miss the white imp.
The white imp is severely wounded.
The adder bites you but does no damage. The white imp gestures at you.
The puff of frost hits you!
* * * LOW HITPOINT WARNING * * *
The adder bites you.
You die...

.................
......#.#########
.####.#.#######
#.........#
..#####........#
......#........#
......'........#
......#........#
......#@.......#
......S5.......#
...............#
#......#########
+...... ##.....
#...(. ......


You could see an adder and a white imp.

Vanquished Creatures
  A necrophage (D:4)
  A hound (D:4)
  2 iguanas (D:4)
  3 adders
  A worm (D:2)
  3 dart slugs
  An orc (D:3)
  5 ball pythons
  5 endoplasms
  4 giant cockroaches
  6 goblins
  8 hobgoblins
  6 jackals
  5 quokkas
  4 bats
  7 frilled lizards
  8 kobolds
  2 rats
72 creatures vanquished.

Notes
Turn   | Place    | Note
-------+----------+-------------------------------------------
     0 | D:1      | kyalle the Merfolk Fighter began the quest for the Orb.
     0 | D:1      | Reached XP level 1. HP: 18/18 MP: 1/1
   231 | D:1      | Reached XP level 2. HP: 21/24 MP: 2/2
   412 | D:1      | Found Moubb's Antique Weapon Boutique.
   600 | D:1      | Found a faded altar of an unknown god.
   626 | D:1      | Reached skill level 1 in Dodging
   703 | D:1      | Reached XP level 3. HP: 25/30 MP: 3/3
  1788 | D:2      | Reached XP level 4. HP: 32/37 MP: 4/4
  2479 | D:3      | Found a glowing silver altar of Zin.
  2941 | D:4      | Found a shadowy altar of Dithmenos.
  2941 | D:4      | Found a blossoming altar of Fedhas.
  2942 | D:4      | Found a shimmering blue altar of Sif Muna.
  2943 | D:4      | Found a hide-covered altar of Uskayaw.
  2943 | D:4      | Found a sacrificial altar of Ru.
  2966 | D:4      | Became a worshipper of Uskayaw the Reveller
  2971 | D:4      | Found a broken altar of Ashenzari.
  2990 | D:4      | Reached * piety under Uskayaw
  2993 | D:4      | Reached ** piety under Uskayaw
  2994 | D:4      | Reached XP level 5. HP: 29/43 MP: 5/5
  3116 | D:4      | Found a snail-covered altar of Cheibriados.
  3137 | D:4      | Reached *** piety under Uskayaw
  3455 | D:4      | Reached skill level 5 in Fighting
  3455 | D:4      | Reached skill level 5 in Polearms
  3455 | D:4      | Reached XP level 6. HP: 40/51 MP: 6/6
  3540 | D:4      | HP: 1/51 [white imp/puff of frost (7)]
  3540 | D:4      | Slain by an adder

Illustrated notes

Levels and vault maps discovered:
D:1:      sevenhm_arrival_forest_fort_small_5, layout_loops_ring, serial_shops,
          shop_statue, shapermc_ecumenical_altar_hornbeckon, minmay_unequal
D:2:      layout_loops_ring, lemuel_old_faithful
D:3:      layout_basic, mainiacjoe_overflow_chevrons, serial_shops,
          nicolae_shop_bloodbath_and_beyond
D:4:      layout_basic, kennysheep_slug_shrine,
          mainiacjoe_overflow_concentric_impassable, grunt_temple_overflow_open

Skill      XL: |  1  2  3  4  5 |
---------------+----------------+-----
Polearms       | 3 4 5 |  5.0
Dodging        | 1 2 |  2.9
Fighting       | 4 5 |  5.0
Armour         | |  2.1
Shields        | |  3.8

Action                   |  1- 3 |  4- 6 || total
-------------------------+-------+-------++-------
Melee: Trident           |   156 |   118 ||   274
       Tailslap          |     3 |     5 ||     8
Invok: Stomp             |       |     1 ||     1
  Use: Scroll            |     4 |     2 ||     6
Armor: Scale mail        |    72 |    24 ||    96
Dodge: Dodged            |    85 |    46 ||   131
Block: Buckler           |    27 |    36 ||    63

Table legend: (Time is in decaauts)
 A = Elapsed time spent in this place.
 B = Non-inter-level travel time spent in this place.
 C = Inter-level travel time spent in this place.
 D = Time resting spent in this place.
 E = Time spent auto-exploring this place.
 F = Levels seen in this place.
 G = Mean time per level.
                   A        B        C        D        E       F      G
               +--------+--------+--------+--------+--------+-----+--------+
         Total |   3561 |   3286 |    275 |      0 |   2538 |   4 |  890.2 |
       Dungeon |   3561 |   3286 |    275 |      0 |   2538 |   4 |  890.2 |
               +--------+--------+--------+--------+--------+-----+--------+

Top non-repeatable levels by time:
     D:2: 1226 daAuts
     D:1: 1121 daAuts
     D:4: 617 daAuts
     D:3: 597 daAuts
